 Dungeon Crawl Stone Soup version 0.28-a0-1435-g82390b3a13 (webtiles) character file.

Game seed: 8018934557143650931

126 Lekart the Skirmisher (level 4, -1/40 HPs)
             Began as a Draconian Fighter on Jan 9, 2022.
             Slain by a gnoll (5 damage)
             ... on level 2 of the Dungeon.
             The game lasted 00:02:27 (2569 turns).

Lekart the Skirmisher (Draconian Fighter)           Turns: 2569, Time: 00:02:28

Health: -1/40      AC:  5    Str: 18    XL:     4   Next: 84%
Magic:  4/4        EV: 12    Int:  9    God:
Gold:   51         SH:  4    Dex: 12    Spells: 3/3 levels left

rFire   . . .      SeeInvis .   a - +0 long sword
rCold   . . .      Faith    .   b - +0 buckler
rNeg    . . .      Spirit   .   (armour unavailable)
rPois   .          Reflect  .   (helmet restricted)
rElec   .          Harm     .   (no cloak)
rCorr   .          Rampage  .   (no gloves)
Will    .....                   (no boots)
Stlth   +.........              (no amulet)
HPRegen 0.13/turn               (no ring)
MPRegen 0.09/turn               (no ring)

@: no status effects
A: AC +5, unfitting armour, cold-blooded
a: no special abilities


You were on level 2 of the Dungeon.
You visited 1 branch of the dungeon, and saw 3 of its levels.

You collected 51 gold pieces.

Inventory:

Hand Weapons
 a - a +0 long sword (weapon)
Armour
 b - a +0 buckler (worn)
Potions
 c - a potion of might


   Skills:
 * Level 4.2 Fighting
 + Level 3.3 Long Blades
 + Level 3.2 Dodging
 + Level 3.6 Shields


You had 3 spell levels left.
You didn't know any spells.
Your spell library contained the following spells:

 Spells                   Type           Power      Damage    Failure   Level
 Slow                     Hex            0%         N/A       47%         1
 Confusing Touch          Hex            0%         N/A       85%         3
 Vampiric Draining        Necr           0%         2d6       85%         3


Dungeon Overview and Level Annotations

Branches:
Dungeon (3/15)

Altars:


Innate Abilities, Weirdness & Mutations

Your plain brown scales are hard. (AC +5)
You cannot fit into any form of body armour.
You are cold-blooded and may be slowed by cold attacks.


Message History

The gnoll closely misses you.
You see here 21 arrows.
You closely miss the gnoll.
The gnoll is severely wounded.
The gnoll closely misses you.
You barely miss the gnoll.
Your tail-slap misses the gnoll.
The gnoll is severely wounded.
You block the gnoll's attack.
You slash the gnoll!
You kill the gnoll!
You hit the gnoll.
The gnoll is heavily wounded.
The gnoll barely misses you. The gnoll hits you with a +0 flail!
* * * LOW HITPOINT WARNING * * *
The gnoll misses you.
A quokka comes into view.
You barely miss the gnoll.
You tail-slap the gnoll, but do no damage.
The gnoll completely misses you. The quokka misses you.
The quokka closely misses you. The quokka closely misses you.
A worm comes into view.
The quokka bites you.
* * * LOW HITPOINT WARNING * * *
You block the gnoll's attack. The quokka closely misses you.
The quokka barely misses you. The quokka closely misses you.
There is a stone staircase leading up here.
The gnoll hits you with a +0 whip.
* * * LOW HITPOINT WARNING * * *
You climb upwards.
There is a stone staircase leading down here.
You hit the gnoll but do no damage. The gnoll completely misses you.
The gnoll hits you with a +0 whip.
* * * LOW HITPOINT WARNING * * *
You feel better. The gnoll closely misses you.
You hit the gnoll but do no damage. The gnoll hits you with a +0 whip.
* * * LOW HITPOINT WARNING * * *
You barely miss the gnoll. The gnoll hits you with a +0 whip.
You die...

###..............# #.#
#. ....##############
#.# #. ###.# #.# #.
....# #.# #. .##.# #.#
#. .##.#
#############.# #.
.##.#
###.............#####.
.##.#
#.....................
.##.#
##.##.@.###############
.##.# #..###g## .##.#
#####..###.# .##.#
#..).).....#
.##.###.#.....####
.##...........#
........#.....#
##########...## #####


You could see a gnoll.

Vanquished Creatures
  Terence (D:2)
  2 adders (D:3)
  A gnoll (D:3)
  3 worms
  An orc (D:3)
  7 endoplasms
  4 giant cockroaches
  6 hobgoblins
  4 jackals (D:1)
  3 quokkas
  5 ball pythons
  3 bats
  3 frilled lizards
  8 goblins
  5 kobolds (D:1)
  6 rats
62 creatures vanquished.

Vanquished Creatures (others)
  4 fungi (D:1)
  A plant (D:1)
5 creatures vanquished.

Grand Total: 67 creatures vanquished

Notes
Turn   | Place    | Note
-------+----------+-------------------------------------------
     0 | D:1      | Lekart the Draconian Fighter began the quest for the Orb.
     0 | D:1      | Reached XP level 1. HP: 19/19 MP: 1/1
   242 | D:1      | Reached XP level 2. HP: 24/26 MP: 2/2
   539 | D:1      | Reached XP level 3. HP: 14/33 MP: 3/3
   887 | D:1      | Found a faded altar of an unknown god.
  1167 | D:2      | Reached skill level 4 in Fighting
  1627 | D:2      | Noticed Terence
  1639 | D:2      | Killed Terence
  1640 | D:2      | Reached XP level 4. HP: 14/40 MP: 4/4
  2566 | D:2      | HP: 2/40 [gnoll (5)]
  2569 | D:2      | Slain by a gnoll

Illustrated notes

Levels and vault maps discovered:
D:1:      matt_arrival_refuge, layout_basic, dreamdust_ecumenical_altar_grove,
          minmay_misc_feat_columns, grunt_decor_one_mirror, minivault_25
D:2:      layout_loops_ring, uniq_terence
D:3:      minmay_roachtagon, layout_rooms, st_stairs_3,
          kennysheep_generic_room_15

Skill      XL: |  1  2  3  4 |
---------------+-------------+-----
Dodging        | 3 |  3.2
Fighting       | 4 |  4.2
Long Blades    | 3 |  3.3
Shields        | |  3.6

Action                   |  1- 3 |  4- 6 || total
-------------------------+-------+-------++-------
Melee: Long sword        |   115 |    64 ||   179
       Tailslap          |    15 |     4 ||    19
  Use: Scroll            |     4 |       ||     4
       Potion            |     1 |     1 ||     2
 Stab: Sleeping          |     3 |     1 ||     4
Armor: Skin              |    29 |    20 ||    49
Dodge: Dodged            |    73 |    54 ||   127
Block: Buckler           |    17 |    17 ||    34

Table legend: (Time is in decaauts)
 A = Elapsed time spent in this place.
 B = Non-inter-level travel time spent in this place.
 C = Inter-level travel time spent in this place.
 D = Time resting spent in this place.
 E = Time spent auto-exploring this place.
 F = Levels seen in this place.
 G = Mean time per level.
                   A        B        C        D        E       F      G
               +--------+--------+--------+--------+--------+-----+--------+
         Total |   2633 |   2595 |     38 |    320 |   1774 |   3 |  877.7 |
       Dungeon |   2633 |   2595 |     38 |    320 |   1774 |   3 |  877.7 |
               +--------+--------+--------+--------+--------+-----+--------+

Top non-repeatable levels by time:
     D:2: 1144 daAuts
     D:1: 1042 daAuts
     D:3: 446 daAuts
